 Dungeon Crawl Stone Soup version 0.23.2 (webtiles) character file.

Game seed: 5613815418012122674

109 Menchi the Caller (level 4, 0/24 HPs)
             Began as a Tengu Summoner on Apr 4, 2019.
             Succumbed to an adder's poison
             ... on level 3 of the Dungeon.
             The game lasted 00:15:42 (2961 turns).

Menchi the Caller (Tengu Summoner)                  Turns: 2961, Time: 00:15:42

Health: 0/24       AC:  2    Str:  8    XL:     4   Next: 89%
Magic:  5/10       EV: 13    Int: 17    God:
Gold:   60         SH:  0    Dex: 14    Spells: 5/9 levels left

rFire    + . .     SeeInvis .   n - +2 dagger (venom)
rCold    + . .     Gourm    .   (no shield)
rNeg     . . .     Faith    .   a - +0 robe
rPois    +         Spirit   .   (helmet restricted)
rElec    +         Reflect  .   (no cloak)
rCorr    +         Harm     .   (no gloves)
MR       .....                  (boots unavailable)
Stlth    +.........             (no amulet)
HPRegen  0.08/turn              (no ring)
MPRegen  0.12/turn              (no ring)

@: lethally poisoned (0 -> -6), resistant, very slow
A: beak, talons 3
a: no special abilities


You were on level 3 of the Dungeon.
You were not hungry.

You visited 1 branch of the dungeon, and saw 3 of its levels.

You collected 60 gold pieces.

Inventory:

Hand Weapons
 m - a +0 dagger of speed
 n - a +2 dagger of venom (weapon)
Missiles
 b - a throwing net (quivered)
Armour
 a - a +0 robe (worn)
Scrolls
 d - 2 scrolls of remove curse
 e - a scroll of identify {unknown}
 h - 2 scrolls of amnesia {unknown}
 j - 2 scrolls of teleportation {unknown}
 k - 2 scrolls of magic mapping {unknown}
 q - a scroll of noise {unknown}
Potions
 f - a potion of agility
 i - a potion of cancellation {unknown}
 l - 2 potions of curing {unknown}
 o - a potion of lignification {unknown}
 p - a potion of heal wounds {unknown}
Comestibles
 c - 7 rations


   Skills:
 + Level 2.4 Dodging
 - Level 2.0 Stealth
 + Level 3.3 Spellcasting
 + Level 6.2 Summonings


You had 5 spell levels left.
You knew the following spells:

 Your Spells              Type           Power        Failure   Level  Hunger
a - Summon Small Mammal   Summ           ###.         1%          1    None
b - Call Canine Familiar  Summ           ###.....     4%          3    ###....

Your spell library contained the following spells:

 Spells                   Type           Power        Failure   Level  Hunger
 Call Imp                 Summ           ###.....     1%          2    ##.....
 Summon Guardian Golem    Hex/Summ       ##......     14%         3    ###....
 Summon Ice Beast         Ice/Summ       ##......     43%         4    ####...
 Summon Lightning Spire   Summ/Air       ##......     43%         4    ####...


Dungeon Overview and Level Annotations

Branches:
Dungeon (3/15)

Altars:


Innate Abilities, Weirdness & Mutations

You have a beak for a mouth.
You have claws for feet.


Message History

* * * LOW HITPOINT WARNING * * *
You feel sick.
Your hound barely misses the adder.
Your rat splashes around in the water.
The adder bites your rat.
Your rat is poisoned.
The adder poisons your rat!
Your hound splashes around in the water.
Casting: Summon Small Mammal (safe; 1% risk of failure)
Confirm with . or Enter, or press ? or * to list all spells.
Your rat dies!
Your rat's corpse disappears in a puff of smoke!
The adder barely misses you.
* * * LOW HITPOINT WARNING * * *
You feel sick.
Your hound bites the adder.
The adder bites you.
* * * LOW HITPOINT WARNING * * *
Your hound bites the adder.
Things that are here:
a chunk of flesh; a hound skeleton It was a potion of resistance.
You feel protected.
You die...

P♣≈≈≈≈≈≈≈≈≈≈≈≈ #.###..#
PP≈≈≈≈≈≈≈≈≈≈♣≈. ##)#
#♣≈≈≈≈≈≈≈≈♣≈≈PP# #(.##
#≈≈♣≈≈≈≈≈≈≈≈≈≈# ####(..#
#≈≈≈♣≈P≈≈♣≈≈≈♣ #....#.#
♣≈≈≈≈P≈≈≈♣≈P♣###.####.#
♣PP≈r≈≈P≈≈♣#...# ..
♣≈≈Phr≈≈♣♣#..### #..
♣≈♣≈S@≈≈≈♣..## ##
..♣♣≈≈≈♣♣♣####
#########≈≈♣≈♣.# ##...##
##♣♣♣..######### ##.....##
##.....##.....## #.......#
##..............## #.......#
#................#
#.......###................#
##.....###...............(.#


You could see an adder, a friendly hound and 2 friendly quokkas.

Vanquished Creatures
  An adder (D:3)
  An ooze (D:2)
  2 bats
  A giant cockroach (D:2)
  A goblin (D:1)
  A hobgoblin (D:2)
  A jackal (D:2)
  A kobold (D:3)
9 creatures vanquished.

Vanquished Creatures (collateral kills)
  A hound (D:3)
  4 adders
  2 oozes (D:1)
  2 worms (D:2)
  A leopard gecko (D:1)
  5 orcs (D:3)
  8 bats
  A giant cockroach (D:1)
  8 goblins
  7 hobgoblins
  3 jackals (D:2)
  5 kobolds
  A ball python (D:2)
  A frilled lizard (D:1)
  3 rats (D:1)
52 creatures vanquished.

Grand Total: 61 creatures vanquished

Notes
Turn   | Place    | Note
-------+----------+-------------------------------------------
     0 | D:1      | Menchi the Tengu Summoner began the quest for the Orb.
     0 | D:1      | Reached XP level 1. HP: 10/10 MP: 4/4
   102 | D:1      | Reached skill level 5 in Summonings
   319 | D:1      | Reached XP level 2. HP: 15/15 MP: 0/6
   827 | D:1      | Reached XP level 3. HP: 19/19 MP: 2/7
  1375 | D:2      | Learned a level 3 spell: Call Canine Familiar
  1922 | D:2      | Reached skill level 6 in Summonings
  1922 | D:2      | Reached XP level 4. HP: 24/24 MP: 5/9
  2960 | D:3      | HP: 1/24 [adder (5)]
  2961 | D:3      | Succumbed to an adder's poison

Skill      XL: |  1  2  3  4 |
---------------+-------------+-----
Summonings     | 5 6 |  6.2
Spellcasting   | 3 |  3.3
Dodging        | |  2.4
Stealth        | |  2.0

Action                   |  1- 3 |  4- 6 || total
-------------------------+-------+-------++-------
Melee: Unarmed           |     6 |       ||     6
       Kick              |     3 |     1 ||     4
       Dagger            |    14 |    14 ||    28
       Peck              |     1 |     1 ||     2
 Cast: Summon Small Mamm |    56 |    19 ||    75
       Call Canine Famil |     7 |     9 ||    16
  Use: Scroll            |     1 |       ||     1
       Potion            |       |     1 ||     1
 Stab: Sleeping          |     1 |       ||     1
  Eat: Chunk             |     4 |     5 ||     9
Armor: Robe              |    12 |     3 ||    15
Dodge: Dodged            |    26 |    17 ||    43
